 Dungeon Crawl Stone Soup version 0.21-a0-349-g0c35859 (webtiles) character file.

411 4thArraOfDagon the Chopper (level 6, -6/56 HPs)
             Began as a Minotaur Chaos Knight on Oct 7, 2017.
             Mangled by Menkaure (15 damage)
             ... on level 4 of the Dungeon.
             The game lasted 00:04:28 (937 turns).

4thArraOfDagon the Chopper (Minotaur Chaos Knight)   Turns: 937, Time: 00:04:29

Health: -6/56      AC:  9    Str: 16    XL:     6   Next: 58%
Magic:  5/5        EV:  8    Int: 11    God:    Xom [.....*]
Gold:   100        SH:  0    Dex: 10    Spells: 5/5 levels left

rFire    . . .     SeeInvis .   a - +0 hand axe (chaos)
rCold    + . .     Gourm    .   (no shield)
rNeg     . . .     Faith    .   i - +0 chain mail
rPois    .         Spirit   .   (helmet restricted)
rElec    .         Reflect  .   (no cloak)
rCorr    .         Harm     .   (no gloves)
MR       +....                  (no boots)
Stlth    ..........             (no amulet)
HPRegen  0.18/turn              l - ring of protection from cold
MPRegen  0.09/turn              r - ring of protection from magic

@: no status effects
A: retaliatory headbutt, horns 2
a: Renounce Religion


You were on level 4 of the Dungeon.
You worshipped Xom.
You were Xom's teddy bear.
You were not hungry.

You visited 1 branch of the dungeon, and saw 4 of its levels.

You collected 100 gold pieces.

Inventory:

Hand Weapons
 a - a +0 hand axe of chaos (weapon)
 h - a +0 hand axe of chopping
Armour
 b - a +2 leather armour
 i - a +0 chain mail (worn)
Jewellery
 l - a ring of protection from cold (left hand)
 r - a ring of protection from magic (right hand)
Scrolls
 d - 4 scrolls of identify {unknown}
 e - a scroll of amnesia {unknown}
 m - a scroll of teleportation {unknown}
 n - 2 scrolls of fear {unknown}
 o - a scroll of remove curse {unknown}
 p - a scroll of enchant weapon {unknown}
 q - a scroll of magic mapping {unknown}
Potions
 g - 2 potions of agility
 j - a potion of heal wounds
Comestibles
 c - 2 bread rations
 k - 4 fruits


   Skills:
 + Level 5.1 Fighting
 * Level 6.3 Axes
 + Level 4.3 Armour
 + Level 3.3 Dodging


You had 5 spell levels left.
You didn't know any spells.

Dungeon Overview and Level Annotations

Branches:
Dungeon (4/15)
 Temple: D:4-7

Altars:
Makhleb
Trog
Xom

Annotations:
D:4 Menkaure


Innate Abilities, Weirdness & Mutations

You reflexively headbutt those who attack you in melee.
You have a pair of horns on your head.


Message History

Menkaure barely misses you.
Unknown command.
Unknown command.
You barely miss Menkaure.
Menkaure is heavily damaged.
Menkaure calls on the powers of darkness!
Your body is wracked with pain!
* * * LOW HITPOINT WARNING * * *
Unknown command.
Unknown command.
You hit Menkaure.
Menkaure jerks violently for a moment.
Menkaure is severely damaged.
Menkaure hits you but does no damage.
Unknown command.
Unknown command.
You hit Menkaure but do no damage.
Menkaure is severely damaged.
Menkaure hits you!
You die...
Xom snickers!

# #..# # .#. ...# #..##
##.#..#..# #... ##
.#.#..#..#####.<###....
.#.#................#
...........###..#####
#.##..##........# ##.#
..##..##.#.####M###....#
..)#..##..._....@......#
.........#.####†###.##.#
.#....#..#.#...........
......#..#.#.##..##.##.#
###.#.#..... #..# #
#.#.#.##.. ....
#.#.#.##.......##
#...#.####.##..# ......#
.....#


You could see Menkaure.

Vanquished Creatures
  An ogre (D:4)
  A howler monkey (D:4)
  A crimson imp (D:2)
  2 orc priests
  2 orc wizards (D:4)
  A centaur skeleton (D:4)
  A worker ant (D:4)
  2 adders
  An adder (shapeshifter) (D:4)
  3 dart slugs
  4 leopard geckos
  8 orcs
  2 ball pythons (D:2)
  4 bats
  2 goblins (D:2)
  A hobgoblin (D:3)
  8 jackals
  3 frilled lizards
  A kobold (D:1)
  4 rats
52 creatures vanquished.

Notes
Turn   | Place    | Note
-------+----------+-------------------------------------------
     0 | D:1      | 4thArraOfDagon the Minotaur Chaos Knight began the quest for the Orb.
     0 | D:1      | Reached XP level 1. HP: 19/19 MP: 0/0
    33 | D:1      | XOM: silly message
    85 | D:1      | XOM: potion effect (agility)
   113 | D:1      | Reached XP level 2. HP: 27/27 MP: 1/1
   116 | D:1      | Reached skill level 4 in Axes
   153 | D:2      | XOM: harmless Pois miscast
   223 | D:2      | Found a burning altar of Makhleb.
   223 | D:2      | Noticed a crimson imp
   231 | D:2      | Killed a crimson imp
   231 | D:2      | Reached XP level 3. HP: 33/33 MP: 2/2
   385 | D:3      | XOM: potion effect (brilliance)
   405 | D:3      | XOM: butterfly on damage
   407 | D:3      | Reached XP level 4. HP: 8/40 MP: 3/3
   599 | D:4      | Noticed an ogre
   604 | D:4      | XOM: cast spell 'Olgreb's Toxic Radiance'
   617 | D:4      | XOM: divination: magic mapping
   641 | D:4      | XOM: polymorph jackal -> adder
   645 | D:4      | Reached skill level 5 in Axes
   649 | D:4      | Reached XP level 5. HP: 47/47 MP: 4/4
   652 | D:4      | Killed an ogre
   657 | D:4      | Reached XP level 6. HP: 29/55 MP: 5/5
   677 | D:4      | Reached skill level 6 in Axes
   680 | D:4      | Reached skill level 5 in Fighting
   700 | D:4      | Found a bloodstained altar of Trog.
   702 | D:4      | XOM: noise
   922 | D:4      | Noticed Menkaure
   926 | D:4      | XOM: scenery: create altars
   937 | D:4      | Mangled by Menkaure

Vault maps used:
D:1:      lordsloth_arrival_two_stooges, serial_bayou_pond_d, hex_tiny,
          bh_walls_and_bars
D:2:      makhleb_grotto_becter, minmay_statues_item
D:3:      uniq_grinder
D:4:      bloody_trog, minmay_temple_entry_overgrown, first_bread,
          kennysheep_generic_room_16, uniq_menkaure

Skill      XL: |  1  2  3  4  5  6 |
---------------+-------------------+-----
Axes           | 4 5 6 |  6.3
Fighting       | 4 5 |  5.1
Armour         | 3 4 |  4.3
Dodging        | 2 3 |  3.3

Action                   |  1- 3 |  4- 6 || total
-------------------------+-------+-------++-------
Melee: Hand axe          |    49 |    87 ||   136
       Headbutt          |     4 |    13 ||    17
  Use: Potion            |       |     3 ||     3
 Stab: Sleeping          |     1 |       ||     1
       Paralysed         |       |     2 ||     2
Armor: Leather armour    |    19 |       ||    19
       Chain mail        |       |    37 ||    37
Dodge: Dodged            |    40 |    62 ||   102

Table legend:
 A = Spawn XP
 B = Non-spawn XP
 C = Spawn XP percentage of total XP
 D = Spawn monster count
 E = Non-spawn monster count
 F = Spawn count percentage of total count
 G = Total turns spent on level
                    A         B        C        D         E        F      G
               +---------+---------+-------+---------+---------+-------+---------
         Total |       0 |     588 |   0.0 |       0 |      52 |   0.0 |   937
               +---------+---------+-------+---------+---------+-------+---------
           D:1 |       0 |      21 |   0.0 |       0 |      10 |   0.0 |   150
           D:2 |       0 |      61 |   0.0 |       0 |       8 |   0.0 |   238
           D:3 |       0 |      88 |   0.0 |       0 |      16 |   0.0 |   269
           D:4 |       0 |     418 |   0.0 |       0 |      18 |   0.0 |   280
               +---------+---------+-------+---------+---------+-------+---------
